 Dungeon Crawl Stone Soup version 0.24.0-125-gc4c63601f3 (webtiles) character file.

Game seed: 7548631595549413911, levelgen mode: deterministic

739579 Peloso the Minotaur Barricade (level 27, -5/366 (367) HPs)
             Began as a Minotaur Fighter on Mar 2, 2020.
             Was the Champion of Okawaru.
             Slain by an acid blob (12 damage)
             ... created by the Royal Jelly
             ... on level 5 of the Pits of Slime on Mar 3, 2020.
             The game lasted 04:32:46 (83706 turns).

Peloso the Minotaur Barricade (Minotaur Fighter)   Turns: 83706, Time: 04:32:47

HP:   -5/366 (367)  AC:  8    Str: 43    XL:     27
MP:   0/25          EV: 20    Int: 11    God:    Okawaru [******]
Gold: 8633          SH: 34    Dex: 20    Spells: 28/28 levels left

rFire    + + .     SeeInvis .   b - +5 double sword (flame)
rCold    + . .     Gourm    .   c - +3 large shield {AC+3}
rNeg     + + +     Faith    .   N - +4 gold dragon scales of the Trilobite {rElec rPois rF+ rC+ rN+ Int+5 Dex-4}
rPois    +         Spirit   +   g - +5 hat of Issu Xio {rCorr}
rElec    +         Reflect  .   C - scarf {cloud immunity}
rCorr    +         Harm     .   J - +0 pair of gloves {Str+3}
MR       +++++     Rnd*Rage +   h - +1 pair of boots "Capui" {MR+ Int+2 Dex+2} Stlth ..........Rnd*Tele +
                                A - amulet "Acvih" {Spirit rN+ Dex+4}
HPRegen  0.71/turn              R - ring "Naupuso" {rN+ MR+ Str+6 Int-3}
MPRegen  0.19/turn              W - ring "Tiysunga" {rElec rF+ MR+ Dex+5 Stlth-}

@: berserking (expiring), heroism, corroded, hasted, very quick
A: retaliatory headbutt, claws 1, horns 2, berserk 1, blink, clever 1, frail 1,
low mp 2, teleportitis 1, weak 1, no potion heal 2
}: 3/15 runes: decaying, silver, gossamer
a: Blink, Heroism, Finesse, Renounce Religion


You were on level 5 of the Pits of Slime.
You worshipped Okawaru.
Okawaru was exalted by your worship.
You were not hungry.

You visited 12 branches of the dungeon, and saw 55 of its levels.
You also visited: Gauntlet, Ice Cave, Wizlab and Desolation.

You collected 10450 gold pieces.
You spent 1817 gold pieces at shops.

Inventory:

Hand Weapons
 a - a +3 double sword of holy wrath
 b - a +5 double sword of flaming (weapon)
Armour
 c - a +3 large shield of protection (worn)
 g - the +5 hat of Issu Xio (worn) {rCorr}
   (Okawaru gifted it to you on level 4 of the Swamp)

   It provides partial protection from all sources of acid and corrosion.
 h - the +1 pair of boots "Capui" (worn) {MR+ Int+2 Dex+2}
   (Okawaru gifted it to you in a Gauntlet)

   It affects your intelligence (+2).
   It affects your dexterity (+2).
   It affects your resistance to hostile enchantments.
 w - a +1 pair of boots of flying
 x - the +0 hat of the Unseen Realm {rN++ MR+}
   (Okawaru gifted it to you on level 14 of the Dungeon)

   It greatly protects you from negative energy.
   It affects your resistance to hostile enchantments.
 y - the +5 scale mail of Complete Protection {rCorr Int+2}
   (Okawaru gifted it to you on level 1 of the Realm of Zot)

   It affects your intelligence (+2).
   It provides partial protection from all sources of acid and corrosion.
 C - a scarf of cloud immunity (worn)
 J - a +0 pair of gloves of strength (worn)
 N - the +4 gold dragon scales of the Trilobite (worn) {rElec rPois rF+ rC+ rN+ Int+5 Dex-4}
   (Okawaru gifted it to you on level 3 of the Crypt)

   It affects your intelligence (+5).
   It affects your dexterity (-4).
   It protects you from fire.
   It protects you from cold.
   It insulates you from electricity.
   It protects you from poison.
   It protects you from negative energy.
 Q - the +11 crystal plate armour of the End {Int+4 Dex+3}
   (Okawaru gifted it to you on level 3 of the Elven Halls)

   It affects your intelligence (+4).
   It affects your dexterity (+3).
Jewellery
 i - the ring "Jidax" {+Inv rPois rC- Dex+4 SInv}
   (You found it on level 2 of the Vaults)

   [ring of dexterity]

   It affects your dexterity (+4).
   It makes you vulnerable to cold.
   It protects you from poison.
   It lets you see invisible.
   It lets you turn invisible.
 r - the ring "Kulir" {rF+ rC+ rN+ MR-}
   (You found it in the Desolation of Salt)

   [ring of protection from fire]

   It protects you from fire.
   It protects you from cold.
   It protects you from negative energy.
   It affects your resistance to hostile enchantments.
 A - the amulet "Acvih" (around neck) {Spirit rN+ Dex+4}
   (You found it in an ice cave)

   [amulet of guardian spirit]

   It causes incoming damage to be split between your health and magic.
   It affects your dexterity (+4).
   It protects you from negative energy.
 G - an uncursed ring of resist corrosion
 R - the ring "Naupuso" (left hand) {rN+ MR+ Str+6 Int-3}
   (You took it off a deep elf annihilator on level 3 of the Elven Halls)

   [ring of positive energy]

   It affects your strength (+6).
   It affects your intelligence (-3).
   It protects you from negative energy.
   It affects your resistance to hostile enchantments.
 W - the ring "Tiysunga" (right hand) {rElec rF+ MR+ Dex+5 Stlth-}
   (You took it off a yaktaur captain on level 5 of the Vaults)

   [ring of protection from magic]

   It affects your dexterity (+5).
   It protects you from fire.
   It insulates you from electricity.
   It affects your resistance to hostile enchantments.
   It makes you less stealthy.
Wands
 k - a wand of digging (4)
Scrolls
 l - a scroll of fog
 n - 30 scrolls of remove curse
 o - 12 scrolls of teleportation
 p - 9 scrolls of magic mapping
 I - a scroll of fear
 K - 3 scrolls of blinking
 O - 11 scrolls of identify
 T - 4 scrolls of noise
Potions
 d - 4 potions of might
 e - 3 potions of mutation
 j - a potion of flight
 t - 3 potions of berserk rage
 v - 4 potions of agility
 B - 4 potions of resistance
 E - 2 potions of haste
 L - 11 potions of curing
 Z - 3 potions of heal wounds
Comestibles
 f - 67 rations


   Skills:
 O Level 27 Fighting
 O Level 27 Long Blades
   Level 1.3(6.3) Staves
 + Level 2.3(7.3) Throwing
 O Level 27 Armour
 + Level 9.6(14.6) Dodging
 + Level 10.4(15.4) Stealth
 O Level 27 Shields
 + Level 2.5(7.5) Unarmed Combat
 + Level 1.4 Spellcasting
 + Level 12.9 Invocations
 + Level 12.9 Evocations


You had 28 spell levels left.
You didn't know any spells.
Your spell library contained the following spells:

 Spells                   Type           Power        Failure   Level  Hunger
 Animate Skeleton         Necr           N/A          69%         1    ##.....
 Apportation              Tloc           #.....       69%         1    ##.....
 Beastly Appendage        Tmut           #.....       69%         1    ##.....
 Confusing Touch          Hex            #.....       69%         1    ##.....
 Corona                   Hex            #......      69%         1    ##.....
 Flame Tongue             Conj/Fire      #....        69%         1    ##.....
 Freeze                   Ice            #...         69%         1    ##.....
 Infusion                 Chrm           #...         69%         1    ##.....
 Magic Dart               Conj           #...         69%         1    ##.....
 Pain                     Necr           #...         69%         1    ##.....
 Shock                    Conj/Air       #...         69%         1    ##.....
 Sting                    Conj/Pois      #...         69%         1    ##.....
 Summon Butterflies       Summ           #.......     69%         1    ##.....
 Summon Small Mammal      Summ           #...         69%         1    ##.....
 Blink                    Tloc           N/A          83%         2    ###....
 Call Imp                 Summ           #.......     83%         2    ###....
 Corpse Rot               Necr           N/A          83%         2    ###....
 Ensorcelled Hibernation  Hex/Ice        #.....       83%         2    ###....
 Passwall                 Tmut/Erth      #.......     83%         2    ###....
 Poisonous Vapours        Pois/Air       #.....       83%         2    ###....
 Searing Ray              Conj           #.....       83%         2    ###....
 Shroud of Golubria       Chrm/Tloc      #.....       83%         2    ###....
 Slow                     Hex            #.......     83%         2    ###....
 Sticks to Snakes         Tmut           #.......     83%         2    ###....
 Sublimation of Blood     Necr           #.........   83%         2    ###....
 Swiftness                Chrm/Air       #.......     83%         2    ###....
 Throw Flame              Conj/Fire      #.....       83%         2    ###....
 Throw Frost              Conj/Ice       #.....       83%         2    ###....
 Call Canine Familiar     Summ           #.......     96%         3    ####...
 Confuse                  Hex            #.......     96%         3    ####...
 Conjure Flame            Conj/Fire      #.......     96%         3    ####...
 Dazzling Spray           Conj/Hex       #.....       96%         3    ####...
 Gell's Gravitas          Tloc           #.........   96%         3    ####...
 Inner Flame              Hex/Fire       #.......     96%         3    ####...
 Lesser Beckoning         Tloc           #.........   96%         3    ####...
 Mephitic Cloud           Conj/Pois/Air  #.......     96%         3    ####...
 Ozocubu's Armour         Chrm/Ice       #.......     96%         3    ####...
 Portal Projectile        Hex/Tloc       #.....       96%         3    ####...
 Recall                   Summ/Tloc      N/A          96%         3    ####...
 Regeneration             Chrm/Necr      #.........   96%         3    ####...
 Spectral Weapon          Hex/Chrm       #.......     96%         3    ####...
 Spider Form              Tmut/Pois      #.........   96%         3    ####...
 Static Discharge         Conj/Air       #.......     96%         3    ####...
 Stone Arrow              Conj/Erth      #.....       96%         3    ####...
 Summon Guardian Golem    Hex/Summ       #.......     96%         3    ####...
 Teleport Other           Tloc           #.......     96%         3    ####...
 Tukima's Dance           Hex            #.......     96%         3    ####...
 Vampiric Draining        Necr           #.........   96%         3    ####...
 Airstrike                Air            #.........   100%        4    #####..
 Animate Dead             Necr           N/A          100%        4    #####..
 Cause Fear               Hex            #.........   100%        4    #####..
 Force Lance              Conj/Tloc      #.......     100%        4    #####..
 Fulminant Prism          Conj/Hex       #.........   100%        4    #####..
 Ice Form                 Ice/Tmut       #.......     100%        4    #####..
 Iskenderun's Mystic Bla  Conj           #.......     100%        4    #####..
 Leda's Liquefaction      Hex/Erth       #.........   100%        4    #####..
 Olgreb's Toxic Radiance  Pois           #.......     100%        4    #####..
 Passage of Golubria      Tloc           N/A          100%        4    #####..
 Petrify                  Tmut/Erth      #.......     100%        4    #####..
 Sticky Flame             Conj/Fire      #.......     100%        4    #####..
 Summon Ice Beast         Ice/Summ       #.......     100%        4    #####..
 Summon Lightning Spire   Summ/Air       #.......     100%        4    #####..
 Throw Icicle             Conj/Ice       #.......     100%        4    #####..
 Agony                    Necr           #.......     100%        5    ######.
 Alistair's Intoxication  Tmut/Pois      #.......     100%        5    ######.
 Blade Hands              Tmut           #.........   100%        5    ######.
 Bolt of Draining         Conj/Necr      #.........   100%        5    ######.
 Bolt of Magma            Conj/Fire/Erth #.........   100%        5    ######.
 Borgnjor's Vile Clutch   Necr/Erth      #.........   100%        5    ######.
 Dispel Undead            Necr           #.......     100%        5    ######.
 Excruciating Wounds      Chrm/Necr      #.........   100%        5    ######.
 Fireball                 Conj/Fire      #.........   100%        5    ######.
 Irradiate                Conj/Tmut      #.........   100%        5    ######.
 Iskenderun's Battlesphe  Conj/Chrm      #.......     100%        5    ######.
 Lee's Rapid Deconstruct  Erth           #.........   100%        5    ######.
 Lightning Bolt           Conj/Air       #.........   100%        5    ######.
 Metabolic Englaciation   Hex/Ice        #.........   100%        5    ######.
 Silence                  Hex/Air        #.........   100%        5    ######.
 Summon Mana Viper        Hex/Summ       #.......     100%        5    ######.
 Venom Bolt               Conj/Pois      #.........   100%        5    ######.
 Yara's Violent Unravell  Hex/Tmut       #.........   100%        5    ######.
 Bolt of Cold             Conj/Ice       #.........   100%        6    #######
 Conjure Ball Lightning   Conj/Air       #.........   100%        6    #######
 Death Channel            Necr           #.........   100%        6    #######
 Deflect Missiles         Chrm/Air       #.........   100%        6    #######
 Freezing Cloud           Conj/Ice/Air   #.........   100%        6    #######
 Hydra Form               Tmut           #.........   100%        6    #######
 Invisibility             Hex            #.......     100%        6    #######
 Iron Shot                Conj/Erth      #.........   100%        6    #######
 Ozocubu's Refrigeration  Ice            #.........   100%        6    #######
 Poison Arrow             Conj/Pois      #.........   100%        6    #######
 Simulacrum               Ice/Necr       #.........   100%        6    #######
 Statue Form              Tmut/Erth      #........    100%        6    #######
 Dragon Form              Tmut           #.........   100%        7    #######
 Orb of Destruction       Conj           #.........   100%        7    #######
 Ring of Flames           Chrm/Fire      #.........   100%        7    #######
 Spellforged Servitor     Conj/Summ      #.........   100%        7    #######
 Summon Hydra             Summ           #.........   100%        7    #######
 Chain Lightning          Conj/Air       #.........   100%        8    #######
 Controlled Blink         Tloc           N/A          100%        8    #######
 Death's Door             Chrm/Necr      #.........   100%        8    #######
 Discord                  Hex            #.........   100%        8    #######
 Lehudib's Crystal Spear  Conj/Erth      #.........   100%        8    #######
 Fire Storm               Conj/Fire      #.........   100%        9    #######
 Glaciate                 Conj/Ice       #.........   100%        9    #######
 Tornado                  Air            #.........   100%        9    #######


Dungeon Overview and Level Annotations

Branches:
Dungeon (15/15)            Temple (0/1) D:6            Lair (6/6) D:8
  Swamp (4/4) Lair:4       Spider (4/4) Lair:4        Slime (5/5) Lair:6
    Orc (2/2) D:11            Elf (3/3) Orc:2        Vaults (5/5) D:14
  Crypt (3/3) Vaults:3       Tomb (0/3) Crypt:3      Depths (5/5) D:15
   Hell (visited)             Dis (0/7) Hell            Geh (0/7) Hell
    Coc (0/7) Hell            Tar (0/7) Hell            Zot (2/5) Depths:5
  IceCv (visited)          WizLab (visited)         Desolation (visited)
Gauntlet (visited)

Altars:
Cheibriados
Dithmenos
Elyvilon
Fedhas
Hepliaklqana
Makhleb
Nemelex Xobeh
Okawaru
Trog
Uskayaw
Vehumet
Xom
Yredelemnul
Zin
The Shining One
Beogh

Shops:
D:6 *   Orc:1 *   Orc:2 =(:[   Elf:1 [   Vaults:3 %   Vaults:4 [   Depths:4 }

Portals:
Hell: Depths:1 Depths:2 Depths:3 Depths:4 Depths:5
Abyss: Depths:1 Depths:4
Pandemonium: Depths:1 Depths:2 Depths:3
Ziggurat: Depths:5

Annotations:
Slime:5 Royal Jelly


Innate Abilities, Weirdness & Mutations

You reflexively headbutt those who attack you in melee.
You have a pair of horns on your head.
You have sharp fingernails.
You tend to lose your temper in combat.
You can translocate small distances at will.
Your mind is acute. (Int +2)
You are frail. (-10% HP)
Your magical capacity is very low. (-20% MP)
You are occasionally teleported next to monsters.
You are weak. (Str -2)
Potions are poor at restoring your health.


Message History

The azure jelly freezes you!! You resist.
* * * LOW HITPOINT WARNING * * *
The azure jelly hits you!
* * * LOW HITPOINT WARNING * * *
The azure jelly hits you.
* * * LOW HITPOINT WARNING * * *
Unknown command.
You hit the death ooze but do no damage.
You headbutt the death ooze, but do no damage.
A slime creature comes into view.
The acid blob spits acid at you. The splash of acid hits you. You resist.
* * * LOW HITPOINT WARNING * * *
You are splashed with acid!
You resist.
* * * LOW HITPOINT WARNING * * *
A large slime creature splits.
Unknown command.
You hit the death ooze but do no damage.
You block the death ooze's attack. x2; The acid blob hits you!
You die...

###...##### ##....#....###
##............####
##.......<........######
#......................##
........................#
...........JJJJ.........##
.......^...JJJJJ^........###
..........JJJ@JJ...........#
..........JJJJJJ...........##
...........JJJJJ............##
............JJJ..............#
..............................
......J.......................
............................
...................J.......
.........................


You could see the Royal Jelly, 9 acid blobs, 7 azure jellies, a large slime
creature, 5 slime creatures and 6 death oozes.

Vanquished Creatures
  Khufu (Crypt:2)
  An orb of fire (Zot:2)
  2 ancient liches
  2 greater mummies (Crypt:2)
  Bai Suzhen (Depths:2)
  Sojobo (Depths:2)
  2 shard shrikes (Zot:1)
  Geryon (Hell)
  Margery (Depths:5)
  5 caustic shrikes (Depths:4)
  The ghost of VPR the Hoplite, an adept MiBe of Trog (Depths:4)
  9 golden dragons
  Nikola (Spider:1)
  An electric golem (Zot:1)
  A hellephant (Hell)
  15 tentacled monstrosities
  8 liches
  9 titans
  2 deep elf master archers (Elf:3)
  2 deep elf blademasters (Elf:3)
  4 ancient champions
  4 quicksilver dragons
  Murray (Hell)
  Gastronok (Lair:1)
  11 sphinxes
  11 shadow dragons
  11 acid blobs
  3 thorn hunters
  Donald (Swamp:1)
  15 storm dragons
  7 tengu reavers
  8 draconian monks
  5 death cobs
  A revenant (Crypt:2)
  5 azure jellies
  Roxanne (D:14)
  15 fire giants
  4 draconian knights
  5 ghost moths
  7 deep elf sorcerers
  2 imperial myrmidons (Desolation)
  2 draconian shifters
  19 vault wardens
  7 iron dragons
  A draconian scorcher (Zot:2)
  A balrug (Hell)
  19 frost giants
  Aizul (Elf:2)
  9 ghouls
  Louise (D:14)
  8 emperor scorpions
  2 curse skulls (Crypt:2)
  3 cacodemons (Depths:4)
  8 deep elf elementalists
  A draconian stormcaller (Zot:2)
  4 war gargoyles
  4 draconian annihilators
  31 very ugly things
  2 spriggan defenders
  19 ironheart preservers
  3 reapers (Hell)
  A caustic shrike skeleton (Depths:1)
  5 entropy weavers
  21 vampire knights
  Nessos (Lair:5)
  23 stone giants
  7 deep elf demonologists
  2 halazid warlocks (Desolation)
  7 green draconians
  Azrael (Elf:2)
  9 white draconians
  7 black draconians
  11 red draconians
  16 deep elf annihilators
  7 spark wasps
  An orange crystal statue (WizLab)
  5 eidola
  A minotaur (Gauntlet)
  A death ooze (Slime:5)
  10 purple draconians
  14 ettins
  A merfolk impaler (D:14)
  11 jiangshi
  3 crystal guardians (Desolation)
  Snorg (Lair:3)
  12 deep elf death magi
  A merfolk javelineer (D:14)
  5 deep elf high priests
  17 fire dragons
  12 great orbs of eyes
  3 mummy priests (Crypt:2)
  6 servants of whispers (Desolation)
  The ghost of Tanlatyng the Eclecticist, a journeyman DgFE (D:14)
  2 naga warriors (D:14)
  15 ice dragons
  28 yaktaur captains
  A hell beast (Depths:1)
  8 ragged hierophants (Desolation)
  3 rakshasas
  Josephine (D:15)
  33 vault guards
  A ghost crab (Swamp:3)
  10 peacekeepers
  4 spriggan air magi
  4 shambling mangroves
  29 hydras
  A juggernaut simulacrum (Depths:1)
  6 death knights
  3 catoblepae (Lair:6)
  18 alligators
  17 centaur warriors
  28 dancing weapons
  An anaconda (shapeshifter) (Depths:4)
  A two-headed ogre (shapeshifter) (Depths:3)
  6 tengu warriors
  41 two-headed ogres
  11 death yaks (Lair:6)
  13 ogre magi
  Urug (Lair:3)
  10 deep troll shamans
  3 small abominations
  12 vampire magi
  3 hell hogs (Depths:5)
  4 soul eaters
  7 deep troll earth magi
  23 deep elf knights
  12 spriggan berserkers
  A titan skeleton (Vaults:4)
  7 sun demons
  A fire crab (shapeshifter) (D:15)
  2 golden dragon zombies (Crypt:3)
  A shadow wraith (D:14)
  10 iron trolls
  2 glowing orange brains (shapeshifter)
  A sixfirhy (Gauntlet)
  22 hell knights
  4 anaconda zombies
  59 skeletal warriors
  26 deep trolls
  6 unseen horrors
  2 death drakes (Depths:5)
  9 glowing orange brains
  An unseen horror (shapeshifter) (Depths:4)
  11 swamp dragons
  A tengu zombie (Vaults:4)
  A spriggan druid (Swamp:4)
  A deep troll (shapeshifter) (Depths:1)
  6 wizards
  25 phantasmal warriors
  A shadow dragon zombie (Vaults:4)
  9 harpies
  8 flayed ghosts
  2 sphinx zombies (Depths:1)
  14 ironbrand convokers
  4 lindwurms (Depths:5)
  29 deep elf archers
  2 anaconda skeletons
  68 deep elf magi
  2 iron dragon zombies
  14 orc knights
  The ghost of kalodont the Covert, a novice KoEn of Dithmenos (D:7)
  10 necromancers
  3 shining eyes (Slime:5)
  39 wolf spiders
  A stone giant zombie (Crypt:3)
  18 orb spiders
  A frost giant zombie (Crypt:1)
  3 orc sorcerers
  6 cyclopes
  57 ugly things
  2 centaur zombies (D:15)
  A moth of wrath (shapeshifter) (Vaults:1)
  15 manticores
  A manticore (shapeshifter) (Depths:5)
  9 moths of wrath
  A faun (shapeshifter) (Vaults:5)
  10 vault sentinels
  3 guardian serpents (Desolation)
  4 elephants (Lair:4)
  A black mamba (Lair:6)
  A guardian serpent (shapeshifter) (Depths:4)
  2 naga magi (Depths:2)
  A titan simulacrum (Crypt:1)
  A rust devil (Depths:1)
  An eye of devastation (shapeshifter) (D:14)
  11 spiny frogs
  3 eyes of devastation
  3 torpor snails
  3 ice statues
  3 molten gargoyles
  A spiny frog (shapeshifter) (Depths:4)
  7 centaur skeletons
  5 gargoyles
  A green draconian zombie (Crypt:1)
  An emperor scorpion zombie (Crypt:3)
  A white draconian zombie (Crypt:1)
  A yellow draconian zombie (Crypt:2)
  2 minotaur zombies (Gauntlet)
  79 yaktaurs
  2 tengu conjurers
  6 rime drakes
  A shock serpent skeleton (Crypt:2)
  13 demonic crawlers
  5 komodo dragons
  2 yaktaur skeletons (Vaults:1)
  2 efreet
  14 freezing wraiths
  A harpy zombie (Crypt:3)
  4 red devils
  3 guardian mummies (Crypt:2)
  5 hydra zombies
  6 polar bears
  A queen bee (shapeshifter) (Depths:4)
  An iron troll skeleton (Crypt:2)
  23 jumping spiders
  2 wind drakes (Depths:5)
  A death drake zombie (Crypt:3)
  23 hornets
  A troll (shapeshifter) (Depths:4)
  14 trolls
  2 polar bears (shapeshifter)
  A tyrant leech (shapeshifter) (Depths:2)
  A hornet (shapeshifter) (D:14)
  A moth of wrath zombie (Crypt:2)
  4 large abominations (Elf:1)
  86 slime creatures
  61 saltlings (Desolation)
  3 hydra skeletons (Hell)
  A fire giant simulacrum (Crypt:1)
  2 raiju (shapeshifter)
  14 tyrant leeches
  2 human simulacra
  8 bog bodies
  An ettin zombie (Crypt:1)
  7 dream sheep (Lair:5)
  4 hippogriffs
  76 redbacks
  17 flying skulls
  A centaur simulacrum (D:15)
  An ice dragon skeleton (Crypt:2)
  19 wraiths
  6 shadows
  A spriggan (shapeshifter) (Depths:4)
  A dire elephant simulacrum (Crypt:1)
  2 ettin skeletons
  A tarantella (shapeshifter) (Depths:4)
  52 yaks
  7 spriggans
  3 air elementals
  33 tarantellas
  A basilisk (Lair:3)
  14 water elementals
  8 wyverns
  2 basilisks (shapeshifter)
  9 fire elementals
  2 hogs (shapeshifter)
  5 hungry ghosts
  6 golden eyes
  5 wargs
  15 vampire mosquitoes
  A harpy simulacrum (D:15)
  2 acid dragons
  13 swamp worms
  A water moccasin (shapeshifter) (Depths:5)
  22 insubstantial wisps
  A soldier ant (D:15)
  16 porcupines
  9 hell hounds
  A merfolk skeleton (Crypt:1)
  14 water moccasins
  A floating eye (Depths:4)
  42 orc warriors
  20 ice beasts
  4 sky beasts
  5 necrophages
  A phantom (D:10)
  A sky beast (shapeshifter) (Vaults:5)
  3 snapping turtle zombies
  A spiny frog skeleton (Hell)
  16 swamp drakes
  A fire dragon simulacrum (Depths:1)
  2 black bears
  An orc zombie (Vaults:1)
  37 ogres
  6 eyes of draining
  16 boggarts
  15 wolves
  17 centaurs
  13 crocodiles
  6 big kobolds
  A hippogriff zombie (Crypt:3)
  A fire crab zombie (Crypt:2)
  24 bullfrogs
  A gnoll sergeant (D:7)
  A rime drake skeleton (Crypt:3)
  10 earth elementals
  A scorpion (shapeshifter) (Depths:4)
  A wyvern skeleton (D:13)
  36 scorpions
  19 killer bees
  A spriggan zombie (Crypt:3)
  19 wights
  An electric eel (Spider:1)
  6 howler monkeys
  A lava snake (Lair:2)
  7 crimson imps
  7 hounds
  11 orc priests
  5 jellies
  3 bullfrog zombies
  3 bullfrog skeletons
  An iron imp (Depths:2)
  26 orc wizards
  3 iguanas
  A worker ant (shapeshifter) (Depths:4)
  9 worker ants
  2 killer bee zombies (Crypt:3)
  An ogre zombie (Crypt:1)
  2 big kobold skeletons (Crypt:1)
  A hound zombie (D:7)
  2 hound skeletons
  A mummy (Crypt:2)
  A worker ant zombie (D:7)
  Robin (D:2)
  15 gnolls
  10 adders
  8 shadow imps
  A white imp (Depths:2)
  3 ufetubi (Gauntlet)
  3 oozes
  2 adder skeletons
  A halfling skeleton (Crypt:3)
  4 worms
  A dart slug (D:4)
  4 leopard geckos
  97 orcs
  3 bats
  10 giant cockroaches
  10 goblins
  11 hobgoblins
  8 jackals
  24 kobolds
  2 quokkas
  3 ball pythons
  A ball python zombie (Crypt:3)
  A giant cockroach zombie (D:6)
  A quokka skeleton (D:7)
  9 rats
  5 briar patches
  6 crawling corpses
  A fungus (Lair:5)
  3 plants
2941 creatures vanquished.

Vanquished Creatures (others)
  A tengu reaver (Depths:2)
  A draconian monk (Zot:1)
  2 fire giants
  A draconian knight (Zot:1)
  A draconian annihilator (Depths:5)
  A war gargoyle (Vaults:5)
  A yaktaur captain (D:15)
  A dancing weapon (Elf:1)
  A deep elf knight (Vaults:3)
  2 wizards (Depths:2)
  A wolf spider (Vaults:2)
  2 deep elf magi
  An ugly thing (Depths:2)
  A naga mage (Depths:2)
  A rime drake (IceCv)
  A wind drake (Depths:5)
  A jumping spider (Spider:4)
  A tarantella (Spider:1)
  A yak (Lair:3)
  A swamp drake (Swamp:3)
  3 ogres
  A boggart (Vaults:1)
  A centaur (Depths:2)
  A jelly (D:9)
  A hound zombie (D:6)
  5 briar patches (Swamp:4)
  A crawling corpse (Elf:3)
  4 fungi (Lair:6)
  14 plants
  32 withered plants (Gauntlet)
86 creatures vanquished.

Grand Total: 3027 creatures vanquished

Notes
Turn   | Place    | Note
-------+----------+-------------------------------------------
     0 | D:1      | Peloso the Minotaur Fighter began the quest for the Orb.
     0 | D:1      | Reached XP level 1. HP: 19/19 MP: 0/0
   415 | D:1      | Reached XP level 2. HP: 27/27 MP: 1/1
   827 | D:1      | Reached XP level 3. HP: 33/33 MP: 2/2
  1200 | D:2      | Found a blossoming altar of Fedhas.
  1232 | D:2      | Noticed Robin
  1243 | D:2      | Killed Robin
  1439 | D:2      | Reached XP level 4. HP: 40/40 MP: 3/3
  1447 | D:2      | Found an iron altar of Okawaru.
  1506 | D:2      | Became a worshipper of Warmaster Okawaru
  1564 | D:2      | Found a shadowy altar of Dithmenos.
  1565 | D:2      | Found a sparkling altar of Nemelex Xobeh.
  1565 | D:2      | Found a snail-covered altar of Cheibriados.
  1565 | D:2      | Found a hide-covered altar of Uskayaw.
  1571 | D:2      | Found a shimmering altar of Xom.
  1571 | D:2      | Found a hazy altar of Hepliaklqana.
  1710 | D:2      | Gained mutation: Scrolls take you a little longer to read.
                  | [potion of mutation]
  1710 | D:2      | Gained mutation: Your mind is acute. (Int +2) [potion of
                  | mutation]
  1710 | D:2      | Gained mutation: You evolve. [potion of mutation]
  1710 | D:2      | Gained mutation: You rapidly evolve. [potion of mutation]
  1711 | D:2      | Lost mutation: Scrolls take you a little longer to read.
                  | [potion of mutation]
  1711 | D:2      | Lost mutation: Your mind is acute. (Int +2) [potion of
                  | mutation]
  1711 | D:2      | Lost mutation: You rapidly evolve. [potion of mutation]
  1711 | D:2      | Gained mutation: Your muscles are strong. (Str +2) [potion
                  | of mutation]
  1711 | D:2      | Gained mutation: Your spells are a little harder to cast,
                  | but a little more powerful. [potion of mutation]
  2406 | D:3      | Found a white marble altar of Elyvilon.
  2520 | D:2      | Found a glowing golden altar of the Shining One.
  2810 | D:4      | Reached XP level 5. HP: 42/47 MP: 4/4
  2844 | D:4      | Reached skill level 5 in Shields
  3185 | D:4      | Reached XP level 6. HP: 53/53 MP: 5/5
  3205 | D:4      | Reached skill level 5 in Long Blades
  3205 | D:4      | Reached skill level 1 in Dodging
  3511 | D:5      | Entered Level 5 of the Dungeon
  3568 | D:5      | Reached skill level 5 in Armour
  3588 | D:5      | Got a scorched ring mail
  3599 | D:5      | Identified the cursed +0 ring mail "Comnom" {MR+} (You
                  | found it on level 5 of the Dungeon)
  3746 | D:5      | Reached skill level 5 in Fighting
  3770 | D:5      | Reached XP level 7. HP: 51/61 MP: 6/6
  3899 | D:5      | Gained mutation: You can translocate small distances at
                  | will. [evolution]
  3910 | D:5      | Reached * piety under Okawaru
  4548 | D:6      | Noticed a gargoyle
  4560 | D:6      | Killed a gargoyle
  4572 | D:6      | Found a staircase to the Ecumenical Temple.
  4622 | D:6      | Found Hosexze's General Store.
  4701 | D:6      | Reached XP level 8. HP: 53/69 MP: 7/7
  5058 | D:7      | Reached ** piety under Okawaru
  5738 | D:7      | Reached XP level 9. HP: 49/75 MP: 8/8
  5843 | D:7      | Reached *** piety under Okawaru
  6402 | D:7      | Noticed a moth of wrath
  6404 | D:7      | Found a transporter.
  6408 | D:7      | Noticed a cyclops
  6409 | D:7      | Noticed kalodont's ghost (novice KoEn)
  6411 | D:7      | Found a transporter.
  6412 | D:7      | Found a bloodstained altar of Trog.
  6444 | D:7      | Found the ring of Phasing {EV+8}
  6592 | D:7      | Reached skill level 10 in Long Blades
  7629 | D:8      | Gained mutation: Your mind is acute. (Int +2) [evolution]
  7707 | D:8      | Found a staircase to the Lair.
  7723 | D:8      | Noticed a komodo dragon
  7760 | D:8      | Killed a komodo dragon
  7760 | D:8      | Reached **** piety under Okawaru
  8185 | D:8      | Found a burning altar of Makhleb.
  8409 | D:8      | Lost mutation: Your muscles are strong. (Str +2)
                  | [evolution]
  8692 | D:8      | Reached XP level 10. HP: 48/86 MP: 9/9
  8699 | D:8      | Reached skill level 10 in Shields
  9179 | D:9      | Noticed a two-headed ogre
  9479 | D:8      | Killed a two-headed ogre
  9479 | D:8      | Reached skill level 1 in Stealth
  9523 | D:8      | Lost mutation: Your mind is acute. (Int +2) [evolution]
  9961 | D:9      | Reached ***** piety under Okawaru
 10300 | D:9      | Reached skill level 1 in Invocations
 10408 | D:9      | Noticed a two-headed ogre
 10416 | D:9      | Killed a two-headed ogre
 10416 | D:9      | Reached XP level 11. HP: 45/94 MP: 7/10
 10503 | D:10     | Entered Level 10 of the Dungeon
 10504 | D:10     | You fall into a shaft and drop 3 floors!
 10506 | D:13     | Found a frozen archway.
 10511 | D:13     | Noticed an ice dragon
 10565 | D:13     | Killed an ice dragon
 10565 | D:13     | Received a gift from Okawaru
 10597 | IceCv    | Entered an ice cave
 11098 | IceCv    | Reached skill level 10 in Armour
 11321 | IceCv    | Noticed an ice dragon
 11321 | IceCv    | Noticed an ice dragon
 11341 | IceCv    | Killed an ice dragon
 11654 | IceCv    | Got an ancient amethyst amulet
 11655 | IceCv    | Identified the amulet "Acvih" {Spirit rN+ Dex+4} (You found
                  | it in an ice cave)
 11777 | IceCv    | Killed an ice dragon
 11777 | IceCv    | Received a gift from Okawaru
 12399 | D:13     | Noticed a two-headed ogre
 12406 | D:13     | Killed a two-headed ogre
 12479 | D:13     | Identified 3 scrolls of acquirement
 12570 | D:13     | Noticed a seven-headed hydra
 12580 | D:13     | Killed a three-headed hydra
 12611 | D:12     | Noticed a deep elf mage
 12622 | D:12     | Killed a deep elf mage
 12622 | D:12     | Reached XP level 12. HP: 83/105 MP: 10/12
 13126 | D:11     | Noticed a centaur warrior
 13633 | D:10     | Noticed a two-headed ogre
 13651 | D:10     | Received a gift from Okawaru
 13658 | D:10     | Killed a two-headed ogre
 14123 | D:7      | Killed kalodont's ghost
 14123 | D:7      | Reached skill level 10 in Fighting
 14475 | D:11     | Killed a centaur warrior
 14540 | D:11     | Found a roughly hewn altar of Beogh.
 14540 | D:11     | Found a staircase to the Orcish Mines.
 14803 | D:11     | Gained mutation: You tend to lose your temper in combat.
                  | [evolution]
 15043 | D:12     | Reached skill level 5 in Dodging
 15553 | D:13     | Reached XP level 13. HP: 114/114 MP: 13/13
 15897 | D:13     | Reached skill level 15 in Long Blades
 15947 | D:13     | Received a gift from Okawaru
 16041 | D:13     | Got a twisted war axe
 16508 | D:10     | Gained mutation: You have an increased reservoir of magic.
                  | (+10% MP) [evolution]
 16564 | Lair:1   | Entered Level 1 of the Lair of Beasts
 16598 | Lair:1   | Noticed Gastronok
 16613 | Lair:1   | Killed Gastronok
 18420 | Lair:3   | Found a gate leading to a gauntlet.
 18437 | Lair:3   | Noticed Urug
 18451 | Lair:3   | Noticed Snorg
 18459 | Lair:3   | Killed Snorg
 18473 | Lair:3   | Killed Urug
 18494 | Gauntlet | Entered a Gauntlet
 18494 | Gauntlet | Found a transporter.
 18504 | Gauntlet | Found a transporter.
 18506 | Gauntlet | Found a transporter.
 18508 | Gauntlet | Found a transporter.
 18533 | Gauntlet | Found a transporter.
 18539 | Gauntlet | Found a transporter.
 18547 | Gauntlet | Found a transporter.
 18565 | Gauntlet | Found a transporter.
 18583 | Gauntlet | Found a transporter.
 18615 | Gauntlet | Found a transporter.
 18646 | Gauntlet | Found a transporter.
 18651 | Gauntlet | Found a transporter.
 18672 | Gauntlet | Found a large runed translucent door.
 18673 | Gauntlet | Found a large runed translucent door.
 18674 | Gauntlet | Found a large runed translucent door.
 18674 | Gauntlet | Found a large runed translucent door.
 18675 | Gauntlet | Found a runed translucent gate.
 18676 | Gauntlet | Found a transporter.
 18676 | Gauntlet | Found a runed translucent gate.
 18677 | Gauntlet | Found a runed translucent gate.
 18677 | Gauntlet | Found a large runed translucent door.
 18677 | Gauntlet | Found a large runed translucent door.
 18677 | Gauntlet | Found a runed translucent door.
 18677 | Gauntlet | Found a runed translucent door.
 18678 | Gauntlet | Found a large runed translucent door.
 18679 | Gauntlet | Found a large runed translucent door.
 18681 | Gauntlet | Found a transporter.
 18683 | Gauntlet | Found a transporter.
 18697 | Gauntlet | Found a large runed translucent door.
 18697 | Gauntlet | Found a large runed translucent door.
 18698 | Gauntlet | Found a large runed translucent door.
 18699 | Gauntlet | Found a large runed translucent door.
 18707 | Gauntlet | Found a transporter.
 18710 | Gauntlet | Found a large runed translucent door.
 18710 | Gauntlet | Found a large runed translucent door.
 18711 | Gauntlet | Found a large runed translucent door.
 18712 | Gauntlet | Found a large runed translucent door.
 18714 | Gauntlet | Found a transporter.
 18767 | Gauntlet | Found a transporter.
 18804 | Gauntlet | Reached ****** piety under Okawaru
 18909 | Gauntlet | Received a gift from Okawaru
 18912 | Gauntlet | Reached skill level 15 in Shields
 18919 | Gauntlet | Got a pair of shimmering boots {god gift}
 18925 | Gauntlet | Identified the +1 pair of boots "Capui" {MR+ Int+2 Dex+2}
                  | (Okawaru gifted it to you in a Gauntlet)
 18936 | Gauntlet | Got a faintly glowing lapis lazuli ring
 18938 | Gauntlet | Identified the ring "Edexum" {*Tele rF++ MR+ Dex-4} (You
                  | found it in a Gauntlet)
 18961 | Gauntlet | Noticed a minotaur
 18968 | Gauntlet | Killed a minotaur
 18975 | Gauntlet | Reached XP level 14. HP: 117/126 MP: 12/15
 19014 | Gauntlet | Got a scorched hand crossbow
 19332 | Lair:1   | Identified the +4 hand crossbow of Foul Odors {penet,
                  | rPois} (You found it in a Gauntlet)
 19335 | Lair:1   | Identified the +6 war axe "Jujiy" {drain, rPois SInv} (You
                  | found it on level 13 of the Dungeon)
 19585 | Lair:3   | Found a white marble altar of Elyvilon.
 20126 | Lair:4   | Found a hole to the Spider Nest.
 20479 | Lair:4   | Found a staircase to the Swamp.
 20819 | Lair:5   | Noticed Nessos
 20823 | Lair:5   | Found a shadowy altar of Dithmenos.
 20831 | Lair:5   | Killed Nessos
 21196 | Lair:5   | Gained mutation: You have sharp fingernails. [evolution]
 21608 | Lair:6   | Entered Level 6 of the Lair of Beasts
 21765 | Lair:6   | Received a gift from Okawaru
 22140 | Lair:6   | Got a transparent demon blade {god gift}
 22141 | Lair:6   | Identified the +7 demon blade of the Enchanted Forest
                  | {elec, +Inv rF+ MP-9 Dex+3} (Okawaru gifted it to you on
                  | level 6 of the Lair of Beasts)
 22197 | Lair:6   | Found a staircase to the Slime Pits.
 23362 | Orc:1    | Entered Level 1 of the Orcish Mines
 23493 | D:11     | Reached XP level 15. HP: 137/137 MP: 16/16
 23516 | Orc:1    | Received a gift from Okawaru
 23599 | Orc:1    | Found a roughly hewn altar of Beogh.
 23623 | Orc:1    | Found a roughly hewn altar of Beogh.
 23795 | Orc:2    | Entered Level 2 of the Orcish Mines
 24008 | Orc:1    | Found Hwafojyt's Humungous Hoard.
 24210 | Orc:2    | Found a staircase to the Elven Halls.
 25042 | Orc:2    | Found a roughly hewn altar of Beogh.
 25153 | Orc:2    | Found Nibakh's Book Emporium.
 25153 | Orc:2    | Found Siodu's Antique Weapon Boutique.
 25155 | Orc:2    | Found Giwejuip's Jewellery Shop.
 25157 | Orc:2    | Found Xuphyrir's Antique Armour Shoppe.
 25164 | Orc:2    | Bought the ring "Tyeteu" {rF+ rN+ Str+4 Int+3} for 865 gold
                  | pieces
 25409 | D:14     | Noticed Louise
 25429 | D:14     | Killed Louise
 25782 | D:14     | Found a gate to the Vaults.
 25840 | D:14     | Found a runed translucent gate.
 25840 | D:14     | Found a runed translucent gate.
 25840 | D:14     | Found a runed translucent gate.
 25840 | D:14     | Noticed a frost giant
 25841 | D:14     | Found an iron altar of Okawaru.
 25841 | D:14     | Noticed Tanlatyng's ghost (journeyman DgFE)
 25874 | D:14     | Killed a frost giant
 25884 | D:14     | Killed Tanlatyng's ghost
 25908 | D:14     | Received a gift from Okawaru
 25943 | D:14     | Got a slimy hat {god gift}
 25954 | D:14     | Identified the +0 hat of the Unseen Realm {rN++ MR+}
                  | (Okawaru gifted it to you on level 14 of the Dungeon)
 26248 | D:14     | Got a scintillating silver ring
 26267 | D:14     | Identified Roxanne's Collected Works on Transmigration
 26267 | D:14     | Noticed Roxanne
 26284 | D:14     | Killed Roxanne
 26465 | D:15     | Entered Level 15 of the Dungeon
 26544 | D:15     | Noticed Josephine
 26551 | D:15     | Killed Josephine
 26704 | D:15     | Found a staircase to the Depths.
 26778 | D:15     | Found a glowing golden altar of the Shining One.
 26779 | D:15     | Found a sparkling altar of Nemelex Xobeh.
 26779 | D:15     | Found a glowing silver altar of Zin.
 26886 | D:15     | Noticed a frost giant
 26893 | D:15     | Killed a frost giant
 26931 | D:15     | Reached XP level 16. HP: 139/147 MP: 18/18
 26960 | D:15     | Reached skill level 15 in Fighting
 26976 | D:15     | Received a gift from Okawaru
 27517 | D:15     | Identified the cursed +1 flail of the Throat {crush, Int+4}
 28375 | Lair:1   | Identified the ring of Autumn {Fire -Tele MR+++ Dex+5} (You
                  | found it on level 14 of the Dungeon)
 28536 | Swamp:1  | Entered Level 1 of the Swamp
 28653 | Swamp:1  | Gained mutation: Your mind is acute. (Int +2) [evolution]
 28709 | Swamp:1  | Got a warped dagger
 29222 | Swamp:1  | Noticed Donald
 29237 | Swamp:1  | Received a gift from Okawaru
 29247 | Swamp:1  | Killed Donald
 29251 | Swamp:1  | Got a pitted scimitar {god gift}
 29252 | Swamp:1  | Identified the +4 scimitar of Imbalance {pain, rN+ Str+3}
                  | (Okawaru gifted it to you on level 1 of the Swamp)
 29628 | Swamp:2  | Noticed a thorn hunter
 29642 | Swamp:2  | Killed a thorn hunter
 30243 | Swamp:3  | Received a gift from Okawaru
 30367 | Swamp:3  | Reached XP level 17. HP: 153/158 MP: 17/19
 30791 | Swamp:4  | Entered Level 4 of the Swamp
 31388 | Swamp:3  | Lost mutation: Your spells are a little harder to cast, but
                  | a little more powerful. [evolution]
 31766 | Swamp:4  | Received a gift from Okawaru
 31782 | Swamp:4  | Got a crude hat {god gift}
 31793 | Swamp:4  | Identified the +5 hat of Issu Xio {rCorr} (Okawaru gifted
                  | it to you on level 4 of the Swamp)
 31889 | Swamp:4  | Got a decaying rune of Zot
 32301 | Swamp:4  | Identified the +8 dagger "Juwnyg" {venom, *Noise rElec
                  | Str+3 SInv} (You found it on level 1 of the Swamp)
 33185 | Spider:1 | Entered Level 1 of the Spider Nest
 33260 | Spider:1 | Noticed Nikola
 33275 | Spider:1 | Killed Nikola
 34969 | Spider:2 | Reached XP level 18. HP: 169/169 MP: 20/20
 35054 | Spider:2 | Received a gift from Okawaru
 36608 | Spider:4 | Entered Level 4 of the Spider Nest
 36982 | Spider:4 | Got a pair of transparent boots
 36993 | Spider:4 | Identified the +1 pair of boots "Vaol" {Int+2} (You found
                  | it on level 4 of the Spider Nest)
 37052 | Spider:4 | Received a gift from Okawaru
 37220 | Spider:4 | Reached skill level 15 in Armour
 37384 | Spider:4 | Received a gift from Okawaru
 37853 | Spider:4 | Received a gift from Okawaru
 38272 | Spider:4 | Got a gossamer rune of Zot
 38830 | Vaults:1 | Entered Level 1 of the Vaults
 39333 | Vaults:1 | Reached XP level 19. HP: 167/179 MP: 19/21
 39829 | Vaults:1 | Gained mutation: Your system is resistant to poisons.
                  | (rPois) [evolution]
 39829 | Vaults:1 | Lost mutation: You evolve. [end of evolution]
 39955 | Vaults:1 | Received a gift from Okawaru
 39969 | Vaults:1 | Got a bloodstained scimitar {god gift}
 40118 | Vaults:1 | Identified the +1 scimitar "Fagyq" {holy, *Corrode rElec
                  | rC+++ Stlth+} (Okawaru gifted it to you on level 1 of the
                  | Vaults)
 40999 | Vaults:2 | You fall into a shaft and drop 1 floor!
 41416 | Vaults:3 | Received a gift from Okawaru
 41449 | Vaults:3 | Received a gift from Okawaru
 41452 | Vaults:3 | Got a transparent plate armour {god gift}
 41654 | Vaults:3 | Identified the +3 plate armour of the Saviour {Dex+4}
                  | (Okawaru gifted it to you on level 3 of the Vaults)
 41681 | Vaults:3 | Got a bone hand axe
 41823 | Vaults:3 | Identified the +9 hand axe of the Desert {protect, Dex+2}
                  | (You found it on level 3 of the Vaults)
 42117 | Vaults:3 | Reached XP level 20. HP: 189/189 MP: 19/22
 43054 | Vaults:2 | Got a coiled copper ring
 43580 | Vaults:3 | Found a staircase to the Crypt.
 43800 | Vaults:3 | Found Heemuhal's Food Shoppe.
 44018 | Elf:1    | Entered Level 1 of the Elven Halls
 44111 | Elf:1    | Found a ruined gateway.
 44289 | Desolati | Entered the Desolation of Salt
 44498 | Desolati | Received a gift from Okawaru
 44920 | Desolati | Got a faintly glowing copper ring
 44926 | Desolati | Identified the ring "Jidax" {+Inv rPois rC- Dex+4 SInv}
                  | (You found it on level 2 of the Vaults)
 44928 | Desolati | Identified the ring "Kulir" {rF+ rC+ rN+ MR-} (You found it
                  | in the Desolation of Salt)
 45039 | Desolati | Got an iridescent quarterstaff
 45040 | Desolati | Identified the +6 quarterstaff of Radicalism {drain, Int+9
                  | Dex+3} (You found it in the Desolation of Salt)
 45182 | Desolati | Identified the Papyrus of the Snowflakes and Good Luck
 45288 | Desolati | Got a transparent sapphire amulet
 45311 | Desolati | Identified the Disquisition on Noxious Weightlessness
 45461 | Desolati | Got a bloodstained dagger
 46046 | Desolati | Identified the Catalogue of the Rocks
 46083 | Desolati | Identified the amulet of Laat {Gourm Slay+2} (You found it
                  | in the Desolation of Salt)
 46211 | Elf:1    | Received a gift from Okawaru
 46644 | Elf:1    | Identified the Papyrus of Evil
 46714 | Elf:1    | Found Miuxun's Armour Shop.
 47440 | Elf:2    | Reached XP level 21. HP: 200/200 MP: 23/23
 47443 | Elf:2    | Found a huge runed translucent gate.
 47443 | Elf:2    | Found a huge runed translucent gate.
 47443 | Elf:2    | Found a huge runed translucent gate.
 47445 | Elf:2    | Found a huge runed translucent gate.
 47446 | Elf:2    | Found a huge runed translucent gate.
 47504 | Elf:2    | Noticed Aizul
 47515 | Elf:2    | Killed Aizul
 48059 | Elf:3    | Entered Level 3 of the Elven Halls
 48391 | Elf:3    | Identified the cursed +0 dagger of Eternal Harmony {flame,
                  | *Rage rPois Int+3} (You found it in the Desolation of Salt)
 48484 | Elf:3    | Received a gift from Okawaru
 49415 | Elf:3    | Identified the ring "Naupuso" {rN+ MR+ Str+6 Int-3}
 49453 | Elf:3    | Received a gift from Okawaru
 49827 | Elf:3    | Got a crude crystal plate armour {god gift}
 49900 | Elf:3    | Identified the +11 crystal plate armour of the End {Int+4
                  | Dex+3} (Okawaru gifted it to you on level 3 of the Elven
                  | Halls)
 50027 | Elf:3    | Identified Kages's Compendium of Igneous Earth
 52390 | Elf:2    | Noticed Azrael
 52397 | Elf:2    | Killed Azrael
 52404 | Elf:2    | Reached XP level 22. HP: 201/211 MP: 25/25
 52935 | Vaults:4 | Received a gift from Okawaru
 53476 | Vaults:4 | Received a gift from Okawaru
 53832 | Vaults:4 | Found Ysoi's Antique Armour Shop.
 53840 | Vaults:4 | Bought a heavily runed plate armour for 952 gold pieces
 54006 | Vaults:4 | Identified the cursed +1 plate armour of the Trees {rElec
                  | MR+ Dex+3 Slay+2} (You bought it in a shop on level 4 of
                  | the Vaults)
 54947 | Vaults:4 | Reached skill level 27 in Shields
 55010 | Vaults:5 | Entered Level 5 of the Vaults
 55167 | Vaults:4 | Received a gift from Okawaru
 55743 | Vaults:5 | Reached XP level 23. HP: 222/222 MP: 26/26
 55886 | Vaults:4 | Received a gift from Okawaru
 56128 | Vaults:5 | Identified Lerawipn's Collected Works on Darkness and
                  | Orientation
 56321 | Vaults:5 | Received a gift from Okawaru
 56324 | Vaults:5 | Got a slimy scimitar {god gift}
 56426 | Vaults:5 | Identified the cursed +3 fustibalus of Stickiness {freeze,
                  | rC+ rN+ SInv Stlth+}
 56426 | Vaults:5 | Identified the ring "Foifejagh" {*Contam rF+++ Int+5 Dex+3
                  | Stlth+}
 56986 | Vaults:5 | Received a gift from Okawaru
 57202 | Vaults:5 | Noticed an ancient lich
 57213 | Vaults:5 | Killed an ancient lich
 57399 | Vaults:5 | Identified the ring "Tiysunga" {rElec rF+ MR+ Dex+5 Stlth-}
 57403 | Vaults:5 | Identified the +6 long sword of the Seven Coins {slice,
                  | Str+8}
 57405 | Vaults:5 | Received a gift from Okawaru
 57408 | Vaults:5 | Identified the +9 great mace "Yloesei" {crush, *Slow rElec
                  | rF- Str+4}
 58216 | Vaults:5 | Identified the Tome of Boosting Contamination
 58220 | Vaults:5 | Got a silver rune of Zot
 58818 | Lair:1   | Identified the +7 scimitar of Reinforcement {slice, rF+
                  | Int+9} (Okawaru gifted it to you on level 5 of the Vaults)
 60014 | Crypt:1  | Entered Level 1 of the Crypt
 60020 | Crypt:1  | Reached skill level 1 in Evocations
 60582 | Crypt:1  | Reached XP level 24. HP: 235/235 MP: 26/26
 60905 | Crypt:1  | You fall into a shaft and drop 1 floor!
 61386 | Crypt:2  | Noticed a greater mummy
 61399 | Crypt:2  | Killed a greater mummy
 61463 | Crypt:2  | Noticed Khufu
 61469 | Crypt:2  | Killed Khufu
 61708 | Crypt:2  | Noticed a greater mummy
 61714 | Crypt:2  | Killed a greater mummy
 61941 | Crypt:2  | Received a gift from Okawaru
 62988 | Crypt:3  | Entered Level 3 of the Crypt
 63041 | Crypt:3  | Found a staircase to the Tomb.
 63089 | Crypt:3  | Found a magical portal.
 63296 | WizLab   | Found the +9 staff of Wucad Mu {channel}
 63479 | WizLab   | Reached skill level 1 in Staves
 63479 | WizLab   | Reached skill level 1 in Throwing
 63479 | WizLab   | Reached skill level 1 in Unarmed Combat
 63479 | WizLab   | Reached XP level 25. HP: 245/245 MP: 26/26
 63516 | Crypt:3  | Got a distressingly furry cloak
 63527 | Crypt:3  | Identified the +2 cloak of the Constellations {rF- rN+++
                  | Int+7 Dex-4} (You acquired it on level 3 of the Crypt)
 63606 | Crypt:3  | Received a gift from Okawaru
 64218 | Crypt:3  | Found a basalt altar of Yredelemnul.
 64411 | Crypt:3  | Received a gift from Okawaru
 64475 | Crypt:3  | Got smoking gold dragon scales {god gift}
 64486 | Crypt:3  | Identified the +4 gold dragon scales of the Trilobite
                  | {rElec rPois rF+ rC+ rN+ Int+5 Dex-4} (Okawaru gifted it to
                  | you on level 3 of the Crypt)
 64574 | Crypt:3  | Got a transparent chain mail
 64593 | Crypt:3  | Identified Kikubaaqudgha's Disquisition on Sinister Secrets
 64596 | Crypt:3  | Got a coiled platinum ring
 64687 | Crypt:3  | Identified Puzav's Tome of Quantum Sinister Rituals
 64787 | Crypt:3  | Identified the ring of Emyeruus {rElec rPois} (You found it
                  | on level 3 of the Crypt)
 64788 | Crypt:3  | Identified the +7 chain mail of Starshine {*Contam rElec
                  | Int+4 SInv} (You found it on level 3 of the Crypt)
 65514 | Depths:1 | Entered Level 1 of the Depths
 65604 | Depths:1 | Reached XP level 26. HP: 254/258 MP: 26/27
 65661 | Depths:1 | Found a gateway to Hell.
 65924 | Depths:1 | Identified the Papyrus of Incorporation
 65976 | Depths:1 | Found a one-way gate to the infinite horrors of the Abyss.
 66250 | Depths:1 | Found a one-way gate leading to the halls of Pandemonium.
 66389 | Depths:2 | Noticed Sojobo
 67114 | Depths:2 | Killed Sojobo
 67274 | Depths:2 | Noticed Bai Suzhen
 67283 | Depths:2 | Killed Bai Suzhen
 67391 | Depths:2 | Received a gift from Okawaru
 67539 | Depths:2 | Found a runed translucent door.
 67542 | Depths:2 | Found a radiant altar of Vehumet.
 67542 | Depths:2 | Noticed an ancient lich
 67556 | Depths:2 | Killed an ancient lich
 67556 | Depths:2 | Reached skill level 27 in Long Blades
 67591 | Depths:2 | Identified the Disquisition on Conjuration
 67940 | Depths:2 | Received a gift from Okawaru
 68331 | Depths:2 | Got a scorched trident {god gift}
 68332 | Depths:2 | Identified the +0 trident of the Illusory Stars {freeze,
                  | Str+2 Int+2} (Okawaru gifted it to you on level 2 of the
                  | Depths)
 68495 | Depths:2 | Got a crude spear
 68499 | Depths:2 | Identified the cursed +0 spear "Qoczam" {flame, *Corrode
                  | rElec rN++ Str+3} (You found it on level 2 of the Depths)
 68978 | Depths:2 | Reached skill level 27 in Fighting
 69301 | Depths:4 | Received a gift from Okawaru
 69332 | Depths:4 | Got a pitted chain mail {god gift}
 69408 | Depths:3 | Identified the +0 chain mail of the Equator {*Drain +Fly
                  | Regen+ MP+9} (Okawaru gifted it to you on level 4 of the
                  | Depths)
 69504 | Depths:3 | Reached XP level 27. HP: 273/273 MP: 27/27
 70994 | Depths:4 | Identified the +9 scale mail "Zefek" {rF- Int+6 SInv} (You
                  | found it on level 4 of the Depths)
 72074 | Depths:4 | Found Zatoipn's Gadget Shoppe.
 72105 | Depths:4 | Found a runed translucent gate.
 72106 | Depths:4 | Found a runed translucent gate.
 72106 | Depths:4 | Found a runed translucent gate.
 72209 | Depths:4 | Received a gift from Okawaru
 72238 | Depths:4 | Got a bloodstained cloak {god gift}
 72239 | Depths:4 | Identified the +0 cloak of Zuigueryu {Str+2} (Okawaru
                  | gifted it to you on level 4 of the Depths)
 73437 | Depths:4 | Paralysed by a floating eye for 4 turns
 73446 | Depths:4 | Paralysed by a floating eye for 3 turns
 73840 | Depths:4 | Found a runed translucent gate.
 73840 | Depths:4 | Found a runed translucent gate.
 73843 | Depths:4 | Found a runed translucent gate.
 73845 | Depths:4 | Noticed VPR's ghost (adept MiBe)
 73881 | Depths:4 | Lost mutation: Your system is resistant to poisons. (rPois)
                  | [a cacodemon]
 73904 | Depths:4 | Killed VPR's ghost
 73949 | Depths:4 | Got a slimy cloak
 73981 | Depths:4 | Identified the cursed -4 cloak of Dithmenos's Vengeance
                  | {*Slow Str+10 Dex-4 SInv} (You found it on level 4 of the
                  | Depths)
 74108 | Depths:5 | Entered Level 5 of the Depths
 74108 | Depths:5 | Found a runed translucent door.
 74146 | Depths:4 | Received a gift from Okawaru
 74798 | Depths:5 | Got a shimmering trident
 74799 | Depths:5 | Identified the +6 trident of Might {pierce, +Inv rF+ rC+}
                  | (You found it on level 5 of the Depths)
 74889 | Depths:5 | Received a gift from Okawaru
 75232 | Depths:5 | Reached skill level 27 in Armour
 75261 | Depths:5 | Found a gate to the Realm of Zot.
 75281 | Depths:5 | Reached skill level 1 in Spellcasting
 76452 | Depths:5 | Found a gateway to a ziggurat.
 76479 | Depths:5 | Reached skill level 5 in Evocations
 76627 | Depths:5 | Found a bloodstained altar of Trog.
 77078 | Depths:5 | Noticed Margery
 77105 | Depths:5 | Killed Margery
 77105 | Depths:5 | Received a gift from Okawaru
 77105 | Depths:5 | Reached skill level 5 in Stealth
 77274 | Hell     | Entered the Vestibule of Hell
 77274 | Hell     | Noticed Geryon
 77293 | Hell     | Noticed Murray
 77399 | Hell     | Killed Murray
 77720 | Hell     | Reached skill level 5 in Invocations
 77764 | Hell     | Killed Geryon
 78010 | Hell     | Found a gateway to the freezing wastes of Cocytus.
 78078 | Hell     | Found a gateway to the Iron City of Dis.
 78155 | Hell     | Found a gateway to the ashen valley of Gehenna.
 78273 | Hell     | Found a gateway to the decaying netherworld of Tartarus.
 78282 | Hell     | Received a gift from Okawaru
 78300 | Hell     | Got a warped long sword {god gift}
 78301 | Hell     | Identified the +10 long sword of Fortitude {slice, *Slow
                  | rN++ MR- Str+9} (Okawaru gifted it to you in the Vestibule
                  | of Hell)
 78455 | Zot:1    | Entered Level 1 of the Realm of Zot
 79001 | Zot:1    | Reached skill level 10 in Evocations
 79882 | Zot:1    | Received a gift from Okawaru
 79972 | Zot:1    | Got an encrusted scale mail {god gift}
 79973 | Zot:1    | Identified the +5 scale mail of Complete Protection {rCorr
                  | Int+2} (Okawaru gifted it to you on level 1 of the Realm of
                  | Zot)
 80337 | Zot:1    | Got an iridescent fustibalus
 80338 | Zot:1    | Identified the +3 fustibalus of Calamity {speed, rPois
                  | Str+2 Int+2 Dex+2} (You found it on level 1 of the Realm of
                  | Zot)
 80519 | Zot:2    | Noticed an orb of fire
 80524 | Zot:2    | Gained mutation: You are occasionally teleported next to
                  | monsters. [an orb of fire]
 80527 | Zot:2    | Gained mutation: You are frail. (-10% HP) [an orb of fire]
 80536 | Zot:2    | Gained mutation: You are weak. (Str -2) [an orb of fire]
 80537 | Zot:2    | Killed an orb of fire
 80537 | Zot:2    | Reached skill level 10 in Invocations
 81356 | Zot:2    | Received a gift from Okawaru
 82602 | Slime:1  | Entered Level 1 of the Pits of Slime
 82879 | Slime:3  | Reached skill level 10 in Stealth
 82949 | Slime:5  | Entered Level 5 of the Pits of Slime
 82979 | Slime:5  | Gained mutation: Potions are less effective at restoring
                  | your health. [a shining eye]
 82983 | Slime:5  | Gained mutation: Potions are poor at restoring your health.
                  | [a shining eye]
 82984 | Slime:5  | Lost mutation: You have an increased reservoir of magic.
                  | (+10% MP) [a shining eye]
 82986 | Slime:5  | Gained mutation: Your magical capacity is low. (-10% MP) [a
                  | shining eye]
 82988 | Slime:5  | Gained mutation: Your magical capacity is very low. (-20%
                  | MP) [a shining eye]
 83052 | Slime:5  | Noticed the Royal Jelly
 83704 | Slime:5  | HP: 17/366 [azure jelly[the Royal Jelly] (7)]
 83705 | Slime:5  | HP: 7/366 [acid (7)]
 83706 | Slime:5  | Slain by an acid blob

Levels and vault maps discovered:
D:1:      dpeg_arrival_another_circle, layout_loops_corners, serial_rivers,
          chequers_serial_rivers_marsh, chequers_serial_rivers_small_a,
          chequers_serial_rivers_micro_b, chequers_serial_rivers_micro_b,
          chequers_serial_rivers_micro_a, palyth_stone_intersect
D:2:      lemuel_upstairs_altar, layout_loops_ring, okawaru_altar_gauntlet_db,
          fedhas_altar_1, minmay_overflow_temple_hex, minmay_split_cup_large,
          uniq_robin
D:3:      layout_rooms, minmay_tree_intersection, elyvilon_altar_1
D:4:      layout_basic, kennysheep_big_empty_room
D:5:      minmay_chambers_of_threes, layout_basic, first_ration
D:6:      layout_basic, minmay_temple_entry_stoned_glass, serial_shops,
          shop_coins, serial_curves, eino_curves_02, eino_curves_04,
          minivault_25
D:7:      minmay_thinvault, layout_layer_cave, gammafunk_ghost_wrathful_warriors
D:8:      layout_basic, nicolae_overflow_crystal_walls, david_lair_shrubbed
D:9:      layout_rooms
D:10:     layout_rooms
D:11:     minmay_wavy_crystal, layout_rooms, david_orc_5
D:12:     layout_roguey
D:13:     minmay_the_grid_octo_triangle [minmay_the_grid_octo_chip,
          minmay_the_grid_octo_prize_ultimate_mussel_roller,
          minmay_the_grid_octo_checkerflower], layout_layer_cave,
          portal_ice_cave_entry_animals_and_master
D:14:     layout_small_grid, david_vaults_4, gammafunk_ghost_fury_of_okawaru,
          serial_park_tiny_2, uniq_louise, uniq_roxanne
D:15:     hangedman_slaughterboxes, uniq_josephine
Lair:1:   layout_cave_pods, beast_lair_carwin_10, uniq_gastronok
Lair:2:   layout_gridlike, grunt_megastairs_3
Lair:3:   layout_gridlike, basic_altar, gauntlet_entry_generic, worms_lemuel,
          uniq_urug, uniq_snorg
Lair:4:   layout_roguey, minmay_swamp_entry_reptiles,
          nicolae_spider_entry_orb_guardian, chequers_serial_rivers_small_3,
          beast_lair_carwin_4
Lair:5:   layout_regular_city, basic_altar, grunt_forest_stairs_clearing,
          uniq_nessos
Lair:6:   evilmike_catoblepas_cave, layout_regular_city,
          minmay_slime_entry_pillars, grunt_megastairs_4
Swamp:1:  layout_basic_swamp, evilmike_swamp_ruin_rubble_1, uniq_donald
Swamp:2:  layout_falls_marsh, evilmike_swamp_ruin_house_4,
          infiniplex_staircase_pool
Swamp:3:  layout_basic_swamp, evilmike_swamp_ruin_rubble_2
Swamp:4:  swamp_alternative, layout_basic_swamp, swamp_pool2
Spider:1: layout_spider_delve, uniq_nikola
Spider:2: spiders_nest_a, spiders_nest_hornet_nest
Spider:3: layout_spider_delve
Spider:4: grunt_spider_rune_island, nicolae_orb_stairs
Slime:1:  layout_caves
Slime:2:  layout_caves
Slime:3:  layout_caves
Slime:4:  layout_caves
Slime:5
Orc:1:    layout_caves, basic_altar, nicolae_alphabet_shops,
          david_defended_altar_orc
Orc:2:    st_orc_rangers, layout_diamond_mine, basic_altar
Elf:1:    minmay_elf_arrival_summoners, layout_loops_cross, serial_shops,
          shop_fountains, portal_desolation_entry_twin_temple,
          minmay_elf_necromancy, grunt_ministairs_12, lemuel_flamethrower_2
Elf:2:    layout_geoelf_diagonals, uniq_aizul, uniq_azrael
Elf:3:    grunt_elf_hall_asides, layout_loops_corners, special_room
          [special_room_mythical_zoo], grunt_ministairs_15, st_stairs_13,
          drop_trap
Vaults:1: v_misc_10, nicolae_vaults_circle_grid_b, vaults_dpeg_diagonal,
          v_pattern_2, hangedman_vaults_unwind, grunt_vaults_twisty, v_rooms_3,
          nicolae_vaults_theta, layout_vaults_ring
Vaults:2: vaults_mumra_chevron, grunt_vaults_funnel, vaults_room_corners,
          v_misc_30, ontoclasm_vaults_eye, nicolae_vaults_theta,
          nicolae_vaults_little_ls, nicolae_vaults_little_squares_2,
          vaults_standard_mumra_x, nicolae_vaults_ninety_degrees,
          layout_vaults_quadrants
Vaults:3: nicolae_vaults_meeting, ontoclasm_vaults_ring_small,
          nicolae_vaults_alarming, vaults_room_fancy_cross,
          minmay_crypt_entry_simple_walls, ontoclasm_vaults_twist,
          v_alt_pattern_2, v_misc_4, nicolae_vaults_inception_scallops,
          v_alt_pattern_1, vaults_standard_mumra_lines,
          nicolae_vaults_rhombus_7, vaults_room_fancy_cross,
          layout_vaults_omnibox, serial_shops, shop
Vaults:4: v_misc_31, nicolae_vaults_border_crossing,
          nicolae_vaults_display_case, v_misc_14, vaults_room_door_hall,
          grunt_vaults_diagonal, hangedman_vaults_impose,
          nicolae_vaults_rhombus_7, v_misc_28,
          vaults_room_grunt_arrival_checkpoint, hangedman_vaults_slice,
          layout_vaults_omnicross, serial_shops, nicolae_shop_overgrown_old_shop
Vaults:5
Crypt:1:  layout_chaotic_city
Crypt:2:  ragdoll_tomb_raider, layout_misc_corridors
Crypt:3:  church_of_pain_bobbens, layout_chaotic_city,
          infiniplex_enter_wizlab_glasses
Depths:1: layout_basic, abyss_entry, grunt_pan_entry_sceptre,
          grunt_mini_vestibule, serial_bayou_lagoon_a, kennysheep_small_square
Depths:2: little_maze_vault, layout_long_grid, grunt_hell_entry_dis_mu,
          kennysheep_path_1, rand_demon_pan_entry_9,
          grunt_absolute_annihilation, infiniplex_staircase_zigzag_4,
          uniq_sojobo, uniq_bai_suzhen
Depths:3: minmay_diamond_stairs, layout_cave_pools, pf_hell_entry_tar_spiral,
          pan_entry, roderic_lattice_a
Depths:4: minmay_tile_spiral, layout_basic, hell_entry,
          abyss_entry_small_statue_room, minmay_misc_feat_more_columns,
          ploomutoo_gammafunk_ghost_potion_laboratory, serial_shops, shop,
          hangedman_stitches_earthworm, minmay_staircase_bubble,
          serial_bayou_shore_a
Depths:5: lemuel_castle_with_subvaults [lemuel_castle_interior_carwin_3],
          layout_honeycomb, enter_ziggurat_b, hell_entry,
          minmay_misc_feat_columns, corexii_leaking_fountain, minmay_st_funbox,
          evilmike_spriggan_trog_shrine, uniq_margery
Hell
Zot:1:    minmay_elemental_castle, layout_twisted_circle
Zot:2:    layout_onion_interference, grunt_megastairs_1

Skill      XL: |  1  2  3  4  5  6  7  8  9 10 11 12 13 14 15 16 17 18 19 20 21 22 23 24 25 26 27 |
---------------+----------------------------------------------------------------------------------+-----
Shields        | 4 5 6 8 9 11 13 14 15 16 17 19 20 22 23 24 25 27 | 27.0
Armour         | 4 5 7 8 9 10 11 12 13 14 15 16 17 18 19 20 21 27 | 27.0
Fighting       | 4 5 6 7 8 9 10 12 13 14 16 17 18 19 20 21 23 25 27 | 27.0
Long Blades    | 3 4 5 7 9 10 11 13 14 16 17 18 19 20 21 22 23 24 25 26 27 | 27.0
Dodging        | 1 2 3 4 5 6 7 8 9 |  9.6
Stealth        | 1 2 3 4 10 | 10.4
Invocations    | 1 2 3 12 | 12.9
Evocations     | 1 2 12 | 12.9
Staves         | 1 |  1.3
Throwing       | 1 2 |  2.3
Unarmed Combat | 1 2 |  2.5
Spellcasting   | 1 |  1.4

Action                   |  1- 3 |  4- 6 |  7- 9 | 10-12 | 13-15 | 16-18 | 19-21 | 22-24 | 25-27 || total
-------------------------+-------+-------+-------+-------+-------+-------+-------+-------+-------++-------
Melee: Long sword        |    94 |   189 |   387 |   361 |       |       |       |       |       ||  1031
       Headbutt          |     8 |    44 |    95 |   172 |   330 |   475 |   556 |   539 |  1162 ||  3381
       Double sword      |       |       |       |   296 |  1016 |  1327 |  1492 |  1329 |  2875 ||  8335
Invok: Heroism           |       |       |     2 |    13 |     3 |     1 |     7 |     3 |     6 ||    35
       Finesse           |       |       |       |       |       |       |       |       |     1 ||     1
Evoke: Wand              |       |       |       |       |     6 |     3 |       |     2 |     5 ||    16
  Use: Potion            |     3 |     6 |     2 |     6 |       |     4 |       |     4 |     3 ||    28
       Scroll            |       |     4 |     2 |    11 |    12 |    11 |     6 |     8 |    23 ||    77
 Stab: Petrified         |       |       |       |       |     2 |       |       |       |       ||     2
       Confused          |       |       |       |       |       |     3 |       |       |     1 ||     4
       Distracted        |       |       |       |       |       |       |     2 |       |       ||     2
  Eat: Chunk             |     2 |     6 |    14 |    16 |    31 |    27 |    30 |    23 |    32 ||   181
       Ration            |       |       |     1 |     2 |     2 |     4 |     4 |     4 |    11 ||    28
Armor: Chain mail        |    74 |   103 |   168 |    98 |       |   307 |       |       |       ||   750
       Ice dragon scales |       |       |       |   123 |     9 |       |       |       |       ||   132
       Plate armour      |       |       |       |       |   234 |   101 |   229 |       |       ||   564
       Crystal plate arm |       |       |       |       |       |       |    38 |   498 |    78 ||   614
       Gold dragon scale |       |       |       |       |       |       |       |       |   934 ||   934
Dodge: Dodged            |    36 |    61 |    96 |   239 |   548 |   980 |   510 |   384 |   865 ||  3719
Block: Shield            |    52 |   135 |   230 |   393 |   825 |  1448 |   888 |       |       ||  3971
       Large shield      |       |       |       |       |       |       |   669 |  1942 |  4008 ||  6619
       Rpst.: Long sword |     7 |    12 |    30 |    19 |       |       |       |       |       ||    68
       Double sword      |       |       |       |    24 |   111 |   151 |   123 |    57 |   129 ||   595
